 Dungeon Crawl Stone Soup version 0.30.0-3-ga4e48a9924 (webtiles) character file.

Game seed: 16148224452577974134

67 ProzacElf the Covered (level 4, 0/39 HPs)
             Began as an Armataur Fighter on May 7, 2023.
             Slain by an orc priest
             ... wielding a +0 dagger
              (3 damage)
             ... on level 3 of the Dungeon.
             The game lasted 00:04:05 (1975 turns).

ProzacElf the Covered (Armataur Fighter)            Turns: 1975, Time: 00:04:05

Health: 0/39       AC:  7    Str: 23    XL:     4   Next: 0%
Magic:  4/4        EV:  7    Int:  8    God:
Gold:   53         SH:  4    Dex: 10    Spells: 3/3 levels left

rFire   . . .        a - +0 long sword
rCold   . . .        c - +0 buckler
rNeg    . . .        b - +0 scale mail
rPois   .            (no helmet)
rElec   .            (no cloak)
rCorr   .            (no gloves)
SInv    .            (no barding)
Will    .....        p - amulet of faith Stlth
                     (no ring)
HPRegen 0.26/turn    (no ring)
MPRegen 0.09/turn

%: roll, faith
@: mighty
A: large, rugged brown scales 3, deformed body, armoured tail, roll, long
tongue, awkward tongue
a: no special abilities


You were on level 3 of the Dungeon.
You visited 1 branch of the dungeon, and saw 3 of its levels.

You collected 89 gold pieces.
You spent 36 gold pieces at shops.

Inventory:

Hand Weapons
 a - a +0 long sword (weapon)
Missiles
 h - 4 atropa-tipped darts (quivered)
 i - 31 stones
Armour
 b - a +0 scale mail (worn)
 c - a +0 buckler (worn)
Jewellery
 p - an amulet of faith (around neck)
Scrolls
 f - 3 scrolls of immolation {unknown}
 g - a scroll of amnesia {unknown}
 k - a scroll of teleportation {unknown}
 n - a scroll of fear {unknown}
 q - a scroll of enchant weapon {unknown}
 r - a scroll of noise {unknown}
 s - a scroll of blinking {unknown}
Potions
 e - 7 potions of curing
 j - a potion of resistance {unknown}
 l - a potion of cancellation {unknown}
 m - a potion of lignification {unknown}
 o - a potion of degeneration {unknown}


   Skills:
 - Level 2.6 Fighting
 + Level 3.0 Long Blades
 + Level 4.9 Armour
 - Level 3.2 Shields


You had 3 spell levels left.
You didn't know any spells.
Your spell library contained the following spells:

 Spells                   Type           Power      Damage    Failure   Level
 Dazzling Flash           Conj/Hex       0%         N/A       98%         3
 Animate Dead             Necr           0%         N/A       100%        4
 Agony                    Necr           0%         N/A       100%        5
 Borgnjor's Vile Clutch   Necr/Erth      0%         N/A       100%        5
 Fireball                 Conj/Fire      0%         3d3       100%        5
 Iskenderun's Battlesphe  Conj           0%         2d6       100%        5
 Silence                  Hex/Air        0%         N/A       100%        5
 Conjure Ball Lightning   Conj/Air       0%         3x3d6     100%        6
 Death Channel            Necr           0%         N/A       100%        6
 Orb of Destruction       Conj           0%         9d5       100%        7


Dungeon Overview and Level Annotations

Branches:
Dungeon (3/15)

Altars:

Shops:
D:1 !


Innate Abilities, Weirdness & Mutations

You are completely covered in rugged brown scales. (AC +3, +7% HP)
Armour fits poorly on your strangely shaped body.
You have a long armoured tail.
You roll when moving toward enemies. (Rampage)
Your long tongue fully drains potion bottles. (2x potion effects)
Your tongue gives you trouble enunciating. (1.5x scroll delay)


Message History

Ye closely miss tha orc priest.
An orc comes inta view.
It be wieldin' a +0 trident.
Tha orc priest barely misses ye.
Tha orc hits ye wit' a +0 hand axe.
Tha orc priest hits ye wit' a +0 dagger.
Ye take 5 damage, an' haf 19/39 hp.
Ye be too injured ta fight recklessly!
Ye be too injured ta fight recklessly!
Ye be too injured ta fight recklessly!
Ye be too injured ta fight recklessly!
Ye be too injured ta fight recklessly!
Tha orc shouts!
Ye hit tha orc priest.
Tha orc priest be moderately wounded.
Ye hear a shout! x2; Ye hear an angry hiss.
A ball python comes inta view.
Tha orc priest mumbles some strange prayers ta Beogh against ye.
Pain shoots through yer body!
Tha orc barely misses ye.
Ye hear a shout!
Ye take 6 damage, an' haf 13/39 hp.
Ye completely miss tha orc priest.
Tha orc priest be moderately wounded.
Tha orc priest hits ye but does nay damage.
An orc comes inta view.
It be wieldin' a +0 whip.
Ye block tha orc's attack.
Tha ball python bites ye but does nay damage.
Ye feel very mighty all o' a sudd'n.
Ye slurp down ev'ry last drop o' tha potion o' might!
Ye block tha ball python's attack.
Tha orc priest hits ye wit' a +0 dagger.
* * * LOW HITPOINT WARNIN'
* * * Tha orc hits ye from afar wit' a +0 trident.
* * * LOW HITPOINT WARNIN'
* * * Tha orc hits ye wit' a +0 hand axe.
* * * LOW HITPOINT WARNIN'
* * * Ye take 10 damage, an' haf 3/39 hp.
MASSIVE DAMAGE!!
Ye barely miss tha orc priest.
Tha orc priest be moderately wounded.
Tha ball python bites ye but does nay damage.
Tha orc priest hits ye wit' a +0 dagger.
Ye die...

####### #.....# o
#.....#
..#####.....#########
?o'..................
.o.........)#........
##o.....#.#######
#o######.##
#o@.......######.#
......
#S..........<....#
......
#.##........#######
..... ...#
#........##### ....
#...##.##..#.......#
#.. ...!...#
#....#.###... ..# ..#
..##.##..#.# # ###.#
.##.##...# #....#
..^.###..#
......###.####


You could see an orc priest, 2 orcs and a ball python.

Vanquished Creatures
  2 adders
  2 worms (D:2)
  2 dart slugs (D:1)
  3 bats
  An endoplasm (D:2)
  2 giant cockroaches (D:1)
  3 goblins
  2 hobgoblins
  8 jackals
  2 quokkas (D:3)
  A ball python (D:1)
  3 frilled lizards
  5 kobolds
  A rat (D:1)
37 creatures vanquished.

Notes
Turn   | Place    | Note
-------+----------+-------------------------------------------
     0 | D:1      | ProzacElf the Armataur Fighter began the quest for the Orb.
     0 | D:1      | Reached XP level 1. HP: 19/19 MP: 1/1
   439 | D:1      | Reached skill level 4 in Armour
   439 | D:1      | Reached XP level 2. HP: 18/26 MP: 2/2
   747 | D:1      | Found Qoytir's Distillery.
   759 | D:1      | Bought a potion of curing for 36 gold pieces
  1041 | D:2      | Reached XP level 3. HP: 32/32 MP: 3/3
  1853 | D:3      | Reached XP level 4. HP: 18/39 MP: 4/4
  1975 | D:3      | Slain by an orc priest

Illustrated notes

Levels and vault maps discovered:
D:1:      dpeg_arrival_oval, layout_loops_corners, serial_shops, shop,
          nicolae_eternal_life, minmay_misc_feat_tower, minmay_worlds_worst_comb
D:2:      layout_basic, kennysheep_boxes
D:3:      layout_basic, gammafunk_ghost_cemetery, minmay_vboxes

Skill      XL: |  1  2  3 |
---------------+----------+-----
Long Blades    | 2 3 |  3.0
Armour         | 4 |  4.9
Fighting       | |  2.6
Shields        | |  3.2

Action                     |  1- 3 |  4- 6 || total
---------------------------+-------+-------++-------
  Melee: Long sword        |   142 |     4 ||   146
         Tailslap          |    12 |       ||    12
    Use: Potion            |       |     1 ||     1
 Armour: Scale mail        |    96 |     3 ||    99
  Dodge: Dodged            |    56 |     2 ||    58
  Block: Buckler           |    36 |     2 ||    38

Action                     |  1- 3 |  4- 6 || total
---------------------------+-------+-------++-------
  Melee: Long sword        |   142 |     4 ||   146
         Tailslap          |    12 |       ||    12
    Use: Potion            |       |     1 ||     1
 Armour: Scale mail        |    96 |     3 ||    99
  Dodge: Dodged            |    56 |     2 ||    58
  Block: Buckler           |    36 |     2 ||    38

Levels and vault maps discovered:
D:1:      dpeg_arrival_oval, layout_loops_corners, serial_shops, shop,
          nicolae_eternal_life, minmay_misc_feat_tower, minmay_worlds_worst_comb
D:2:      layout_basic, kennysheep_boxes
D:3:      layout_basic, gammafunk_ghost_cemetery, minmay_vboxes
